 Dungeon Crawl Stone Soup version bcrawl-1.19.1 (webtiles) character file.

Game seed: 4842964482227837722

660 tognito the Cleaver (level 7, -3/85 HPs)
             Began as a Minotaur Berserker on Nov 30, 2019.
             Was a Priest of Trog.
             Slain by an iguana (5 damage)
             ... on level 4 of the Dungeon.
             The game lasted 00:06:14 (2994 turns).

tognito the Cleaver (Minotaur Berserker)            Turns: 2994, Time: 00:06:14

Health: -3/85      AC:  0    Str: 29    XL:     7   Next: 30%
Magic:  6/6        EV: 19    Int:  4    God:    Trog [***...]
Gold:   258        SH:  0    Dex: 14    Spells: 6/6 levels left

rFire    . . .     SeeInvis .   (weapon currently unavailable)
rCold    . . .     Gourm    .   (shield currently unavailable)
rNeg     . . .     Faith    .   (armour currently unavailable)
rPois    .         Spirit   .   (helmet currently unavailable)
rElec    .         Reflect  .   (cloak currently unavailable)
rCorr    .         Harm     .   (gloves currently unavailable)
MR       .....                  (boots currently unavailable)
Stlth    ..........             (no amulet)
HPRegen  0.24/turn              (ring currently unavailable)
MPRegen  0.10/turn              (ring currently unavailable)

@: berserking, lethally poisoned (-3 -> -3), bat-form, flying, very quick
A: tiny, (retaliatory headbutt)
a: Berserk, Trog's Hand, Renounce Religion


You were on level 4 of the Dungeon.
You worshipped Trog.
Trog was most pleased with you.
You were hungry.
You were in bat-form.
You visited 1 branch of the dungeon, and saw 4 of its levels.

You collected 258 gold pieces.

Inventory:

Hand Weapons
 a - a +0 hand axe (melded)
Missiles
 b - 228 arrows
 e - 199 bolts
 m - a throwing net {!f}
Armour
 d - a +0 pair of boots (melded)
 f - a +0 scale mail (melded)
Jewellery
 k - a ring of positive energy (melded)
 p - a cursed ring of teleportation (melded)
Scrolls
 g - 3 scrolls of remove curse {unknown}
 h - 2 scrolls of enchant weapon {unknown}
 i - a scroll of fear {unknown}
 j - 2 scrolls of teleportation {unknown}
 l - 6 scrolls of identify {unknown}
 o - a scroll of enchant armour {unknown}
Comestibles
 c - 11 rations {!d}


   Skills:
 - Level 3.6 Fighting
 * Level 10.2 Axes
 - Level 2.4 Armour
 - Level 2.1 Dodging


You had 6 spell levels left.
You didn't know any spells.
Your spell library was empty.

Dungeon Overview and Level Annotations

Branches:
Dungeon (4/12)
 Temple: D:4-7

Altars:
Dithmenos
Fedhas
Trog
Uskayaw
Xom


Innate Abilities, Weirdness & Mutations

((You reflexively headbutt those who attack you in melee.))
((You have a pair of horns on your head.))


Message History

Trog accepts your kill.
You feel sick. The iguana bites you!
* * * LOW HITPOINT WARNING * * *
Something hits you.
* * * LOW HITPOINT WARNING * * *
You closely miss something. The iguana misses you.
You hear a zap.
You extend your transformation's duration.
You closely miss something. The jackal misses you.
You hit the jackal.
You kill the jackal!
Trog accepts your kill. The iguana bites you!
* * * LOW HITPOINT WARNING * * *
You hear a zap.
Something tries to affect you, but you resist.
You closely miss the iguana.
The iguana is lightly wounded.
The iguana bites you.
You die...

#<# #.# #.# #.##
#.. #.#
####)###.#.#
#..)b{....#
#..†)l......
#.##......##
########.#######.#
.........# #
########.# ####.#
##.##.#######.
#.#.......^%..


You could see an iguana.

Vanquished Creatures
  Sigmund (D:3)
  An ogre (D:4)
  A scorpion (D:4)
  A howler monkey (D:3)
  A crimson imp (D:4)
  2 orc priests (D:3)
  A gnoll shaman (D:2)
  2 orc wizards (D:3)
  5 gnolls (D:2)
  2 adders (D:3)
  2 oozes
  2 worms (D:2)
  6 dart slugs
  6 leopard geckos
  6 orcs
  3 giant cockroaches
  2 goblins
  11 hobgoblins
  4 jackals
  2 quokkas
  A ball python (D:3)
  2 bats (D:2)
  5 frilled lizards
  6 kobolds
  4 rats
79 creatures vanquished.

Notes
Turn   | Place    | Note
-------+----------+-------------------------------------------
     0 | D:1      | tognito the Minotaur Berserker began the quest for the Orb.
     0 | D:1      | Reached XP level 1. HP: 19/19 MP: 0/0
    35 | D:1      | Reached skill level 4 in Axes
   296 | D:1      | Reached XP level 2. HP: 26/26 MP: 1/1
   661 | D:1      | Reached skill level 5 in Axes
   680 | D:1      | Reached XP level 3. HP: 23/31 MP: 2/2
   937 | D:2      | Reached ** piety under Trog
  1161 | D:2      | Reached XP level 4. HP: 39/39 MP: 3/3
  1181 | D:2      | Reached skill level 6 in Axes
  1334 | D:2      | Found a shimmering altar of Xom.
  1338 | D:2      | Found a shimmering altar of Xom.
  1426 | D:2      | Reached skill level 7 in Axes
  1426 | D:2      | Reached XP level 5. HP: 45/45 MP: 4/4
  1619 | D:2      | Found a blossoming altar of Fedhas.
  1883 | D:3      | Noticed Sigmund
  1897 | D:3      | Killed Sigmund
  1897 | D:3      | Reached skill level 8 in Axes
  1897 | D:3      | Reached XP level 6. HP: 40/51 MP: 5/5
  2021 | D:3      | Found a bloodstained altar of Trog.
  2104 | D:3      | Found a hide-covered altar of Uskayaw.
  2168 | D:3      | Reached *** piety under Trog
  2169 | D:3      | Reached skill level 9 in Axes
  2583 | D:3      | Found a shadowy altar of Dithmenos.
  2703 | D:3      | Found a faded altar of an unknown god.
  2951 | D:4      | Reached XP level 7. HP: 57/57 MP: 6/6
  2989 | D:4      | Reached skill level 10 in Axes
  2993 | D:4      | HP: 2/85 [iguana (15)]
  2994 | D:4      | Slain by an iguana

Skill      XL: |  1  2  3  4  5  6  7 |
---------------+----------------------+-----
Axes           | 4 5 7 8 9 10 | 10.2
Fighting       | |  3.6
Armour         | |  2.4
Dodging        | |  2.1

Action                   |  1- 3 |  4- 6 |  7- 9 || total
-------------------------+-------+-------+-------++-------
Melee: Hand axe          |    70 |    89 |     7 ||   166
       Headbutt          |    16 |    11 |     1 ||    28
       Unarmed           |       |       |    12 ||    12
Invok: Berserk           |     1 |     2 |     1 ||     4
  Use: Potion            |     2 |     1 |       ||     3
  Eat: Chunk             |     2 |     7 |       ||     9
Armor: Animal skin       |     1 |       |       ||     1
       Scale mail        |    27 |    30 |       ||    57
Dodge: Dodged            |    33 |    57 |    12 ||   102
